 Dungeon Crawl Stone Soup version 0.27-a0-67-g4bfc8a49e1 (webtiles) character file.

Game seed: 797903673697950640

1283 Borgoz the Ruffian (level 8, -2/70 HPs)
             Began as a Ghoul Gladiator on Jan 9, 2021.
             Was an Initiate of Ashenzari.
             Slain by an orc warrior
             ... wielding a +0 dire flail
              (7 damage)
             ... on level 6 of the Dungeon.
             The game lasted 00:06:15 (6187 turns).

Borgoz the Ruffian (Ghoul Gladiator)                Turns: 6187, Time: 00:06:16

Health: -2/70      AC:  8    Str: 18    XL:     8   Next: 55%
Magic:  7/7        EV: 13    Int:  3    God:    Ashenzari [......]
Gold:   356        SH:  0    Dex: 12    Spells: 7/7 levels left

rFire    . . .     SeeInvis .     - Unarmed
rCold    + . .     Faith    .   (no shield)
rNeg     + + +     Spirit   .   i - +0 ring mail
rPois    ∞         Reflect  .   b - +1 helmet
rElec    .         Harm     .   (no cloak)
rCorr    .         Rampage  .   (no gloves)
Will     .....                  (no boots)
Stlth    +.........             (no amulet)
HPRegen  0.00/turn              (no ring)
MPRegen  0.10/turn              (no ring)

@: attractive, flying
A: claws 1, cold resistance 1, negative energy resistance 3, inhibited
regeneration, torment resistance, unbreathing
a: Renounce Religion, Curse Item


You were on level 6 of the Dungeon.
You worshipped Ashenzari.
Ashenzari was noncommittal.
You visited 2 branches of the dungeon, and saw 7 of its levels.

You collected 356 gold pieces.

Inventory:

Missiles
 c - 2 throwing nets (quivered)
Armour
 b - a +1 helmet (worn)
 i - a +0 ring mail (worn)
Wands
 r - a wand of polymorph (4)
Scrolls
 a - 2 scrolls of teleportation
 d - a scroll of immolation {unknown}
 e - a scroll of remove curse
 f - 2 scrolls of enchant armour
 g - a scroll of blinking
 j - 3 scrolls of fog
 n - a scroll of random uselessness {unknown}
Potions
 h - 3 potions of curing {unknown}
 l - a potion of magic
 m - a potion of attraction
 o - a potion of mutation {unknown}
 p - a potion of brilliance {unknown}
 q - 2 potions of haste {unknown}


   Skills:
 + Level 5.8 Fighting
 - Level 1.7 Throwing
 + Level 4.4 Armour
 + Level 5.3 Dodging
 + Level 6.4 Unarmed Combat


You had 7 spell levels left.
You didn't know any spells.
Your spell library was empty.

Dungeon Overview and Level Annotations

Branches:
Dungeon (6/15)             Temple (1/1) D:4

Altars:
Ashenzari
Dithmenos
Fedhas
Gozag
Hepliaklqana
Nemelex Xobeh
Okawaru
Qazlal
Ru
Sif Muna
Trog
Uskayaw
Vehumet
Xom
Yredelemnul
Zin
The Shining One

Annotations:
D:5 2 transporters


Innate Abilities, Weirdness & Mutations

You thrive by killing the living.
You are immune to poison.
You have sharp fingernails.
Your flesh is cold resistant. (rC+)
You are immune to negative energy. (rN+++)
You do not regenerate when monsters are visible.
You are immune to unholy pain and torment.
You can survive without breathing.


Message History

The orc warrior is lightly wounded.
The orc priest miscasts a cantrip.
The orc warrior hits you with a +0 dire flail.
* * * LOW HITPOINT WARNING * * *
You closely miss the orc warrior.
You claw the orc warrior, but do no damage.
The orc warrior is lightly wounded.
An orc comes into view. It is wielding a +0 hand axe.
The orc warrior hits you with a +0 dire flail!
* * * LOW HITPOINT WARNING * * *
It was a potion of flight.
You feel very buoyant.
You fly up into the air.
It was a potion of magic.
Magic courses through your body. The orc warrior closely misses you.
The white imp shouts, "Escape, thou rotting clay-brained running sore!"
It was a potion of attraction.
You feel attractive to monsters.
The orc warrior hits you with a +0 dire flail!
You die...

#..#
##.##
#..#
##.###
#...##
###..#
##.#
#.#
#@#
#o#
#o#
5o#


oho ..r. .... ?..... You could see an orc warrior, a hound, an orc priest, an
orc wizard, a white imp, 2 orcs and a quokka.

Vanquished Creatures
  A sky beast (D:6)
  A black bear (D:6)
  A phantom (D:4)
  2 ogres
  3 centaurs (D:5)
  A scorpion (D:5)
  A howler monkey (D:6)
  A hound (D:4)
  2 jellies
  An iguana (D:5)
  7 worker ants
  A killer bee zombie (D:6)
  A hound skeleton (D:2)
  7 adders
  A shadow imp (D:4)
  2 oozes
  3 worms
  3 dart slugs
  3 leopard geckos
  19 orcs
  2 ball pythons
  4 giant cockroaches
  7 goblins
  6 hobgoblins
  2 jackals (D:1)
  10 kobolds
  5 quokkas
  11 bats
  6 frilled lizards
  8 rats
122 creatures vanquished.

Vanquished Creatures (others)
  8 plants (D:1)
8 creatures vanquished.

Grand Total: 130 creatures vanquished

Notes
Turn   | Place    | Note
-------+----------+-------------------------------------------
     0 | D:1      | Borgoz the Ghoul Gladiator began the quest for the Orb.
     0 | D:1      | Reached XP level 1. HP: 17/17 MP: 0/0
   118 | D:1      | Reached XP level 2. HP: 23/25 MP: 1/1
   329 | D:1      | Reached XP level 3. HP: 21/30 MP: 2/2
   346 | D:1      | Reached skill level 1 in Armour
  1567 | D:2      | Found a shimmering altar of Xom.
  1569 | D:2      | Found an opulent altar of Gozag.
  1569 | D:2      | Found a blossoming altar of Fedhas.
  1575 | D:2      | Found a stormy altar of Qazlal.
  1575 | D:2      | Found a shimmering altar of Xom.
  1575 | D:2      | Found a shimmering blue altar of Sif Muna.
  1855 | D:2      | Reached XP level 4. HP: 32/38 MP: 3/3
  1957 | D:2      | Reached skill level 4 in Unarmed Combat
  2689 | D:3      | Reached XP level 5. HP: 45/45 MP: 4/4
  3405 | D:4      | Found an iron altar of Okawaru.
  3405 | D:4      | Noticed a phantom
  3406 | D:4      | Found a stormy altar of Qazlal.
  3473 | D:4      | Killed a phantom
  3474 | D:4      | Reached XP level 6. HP: 20/52 MP: 5/5
  3762 | D:5      | Entered Level 5 of the Dungeon
  3788 | D:5      | Reached skill level 5 in Unarmed Combat
  3808 | D:4      | Reached XP level 7. HP: 24/60 MP: 6/6
  4127 | D:5      | Found a transporter.
  4627 | D:4      | Found a staircase to the Ecumenical Temple.
  4894 | Temple   | Entered the Ecumenical Temple
  4949 | Temple   | Became a worshipper of Ashenzari the Shackled
  5411 | D:5      | Reached skill level 5 in Fighting
  5434 | D:5      | Found a transporter.
  5477 | D:5      | Reached XP level 8. HP: 68/68 MP: 7/7
  5699 | D:6      | Reached skill level 6 in Unarmed Combat
  5741 | D:6      | Reached skill level 5 in Dodging
  6187 | D:6      | Slain by an orc warrior

Illustrated notes

Levels and vault maps discovered:
D:1:      sevenhm_arrival_forest_fort_small_6, layout_loops_cross,
          chequers_big_river, chequers_serial_rivers_small_b
D:2:      layout_basic, doesnt_xom_only_xom, hangedman_feature_mirror
D:3:      layout_loops_corners
D:4:      layout_loops_ring, chequers_temple_overflow_statue_of_worship,
          minmay_temple_entry_arrows
D:5:      gammafunk_wand_slinger, layout_basic
D:6:      layout_rooms, uniq_eustachio
Temple:   eino_temple_water

Skill      XL: |  1  2  3  4  5  6  7  8 |
---------------+-------------------------+-----
Dodging        | 3 4 5 |  5.3
Armour         | 1 2 3 4 |  4.4
Fighting       | 3 4 5 |  5.8
Unarmed Combat | 4 5 6 |  6.4
Throwing       | |  1.7

Action                   |  1- 3 |  4- 6 |  7- 9 || total
-------------------------+-------+-------+-------++-------
Melee: Unarmed           |   161 |   257 |   159 ||   577
       Punch             |       |     4 |     9 ||    13
Throw: Throwing net      |       |       |     1 ||     1
  Use: Scroll            |     4 |     2 |     1 ||     7
       Potion            |       |       |     3 ||     3
 Stab: Distracted        |       |     1 |       ||     1
Armor: Leather armour    |    31 |       |       ||    31
       Ring mail         |     9 |    84 |    69 ||   162
Dodge: Dodged            |   101 |   165 |   106 ||   372

Table legend: (Time is in decaauts)
 A = Elapsed time spent in this place.
 B = Non-inter-level travel time spent in this place.
 C = Inter-level travel time spent in this place.
 D = Time resting spent in this place.
 E = Time spent auto-exploring this place.
 F = Levels seen in this place.
 G = Mean time per level.
                   A        B        C        D        E       F      G
               +--------+--------+--------+--------+--------+-----+--------+
         Total |   6164 |   5982 |    182 |   1310 |   3565 |   7 |  880.6 |
       Dungeon |   6097 |   5926 |    171 |   1310 |   3516 |   6 | 1016.2 |
        Temple |     66 |     55 |     11 |      0 |     49 |   1 |   66.0 |
               +--------+--------+--------+--------+--------+-----+--------+

Top non-repeatable levels by time:
     D:4: 1594 daAuts
     D:1: 1364 daAuts
     D:3: 1056 daAuts
     D:2: 982 daAuts
     D:5: 599 daAuts
     D:6: 499 daAuts
  Temple: 66 daAuts
